 Dungeon Crawl Stone Soup version 0.21.1-1-g345015fe64 (webtiles) character file.

871 Loge the Ruffian (level 7, -5/71 HPs)
             Began as a Troll Monk on July 18, 2018.
             Shot with an arrow by a centaur (13 damage)
             ... on level 5 of the Dungeon.
             The game lasted 00:04:11 (2311 turns).

Loge the Ruffian (Troll Monk)                       Turns: 2311, Time: 00:04:12

Health: -5/71      AC:  6    Str: 20    XL:     7   Next: 73%
Magic:  6/6        EV: 10    Int:  6    God:
Gold:   178        SH:  0    Dex: 14    Spells: 6/6 levels left

rFire    . . .     SeeInvis .     - Unarmed
rCold    . . .     Gourm    +   (no shield)
rNeg     . . .     Faith    .   a - +0 robe
rPois    .         Spirit   .   (helmet restricted)
rElec    .         Reflect  .   q - +0 cloak
rCorr    .         Harm     .   (gloves unavailable)
MR       .....                  (boots unavailable)
Stlth    ++........             (no amulet)
HPRegen  0.61/turn              (no ring)
MPRegen  0.10/turn              (no ring)

@: no status effects
A: large, unfitting armour, claws 3, fast metabolism 3, gourmand, regeneration
1, shaggy fur 1, tough skin 2
a: no special abilities


You were on level 5 of the Dungeon.
You were completely stuffed.

You visited 1 branch of the dungeon, and saw 5 of its levels.

You collected 178 gold pieces.

Inventory:

Missiles
 j - 64 sling bullets
 l - 136 stones (quivered)
 o - 4 javelins
Armour
 a - a +0 robe (worn)
 q - a +0 cloak (worn)
Jewellery
 t - an uncursed ring of protection from magic {unknown}
Scrolls
 c - a scroll of immolation {unknown}
 f - a scroll of remove curse {unknown}
 h - 5 scrolls of teleportation {unknown}
 i - 3 scrolls of identify {unknown}
 m - a scroll of amnesia {unknown}
 n - a scroll of noise {unknown}
 v - a scroll of fear {unknown}
 w - a scroll of enchant armour {unknown}
 z - a scroll of blinking {unknown}
 A - a scroll of fog {unknown}
Potions
 d - 2 potions of heal wounds {unknown}
 e - 2 potions of curing {unknown}
 g - a potion of lignification {unknown}
 k - 2 potions of degeneration {unknown}
 r - a potion of agility {unknown}
 s - 2 potions of might {unknown}
 u - a potion of cancellation {unknown}
Books
 x - a book of Callings

   Spells                             Type                      Level
   a - Summon Small Mammal            Summoning                    1
   b - Call Imp                       Summoning                    2
   c - Call Canine Familiar           Summoning                    3
   d - Summon Guardian Golem          Hexes/Summoning              3
   e - Summon Lightning Spire         Summoning/Air                4
   f - Summon Ice Beast               Ice/Summoning                4
 y - a book of Cantrips

   Spells                             Type                      Level
   a - Confusing Touch                Hexes                        1
   b - Animate Skeleton               Necromancy                   1
   c - Summon Small Mammal            Summoning                    1
   d - Apportation                    Translocation                1
Comestibles
 b - 9 rations
 p - 8 chunks of flesh


   Skills:
 + Level 4.8 Fighting
 - Level 2.4 Dodging
 - Level 1.0 Stealth
 * Level 7.8 Unarmed Combat


You had 6 spell levels left.
You didn't know any spells.

Dungeon Overview and Level Annotations

Branches:
Dungeon (5/15)
 Temple: D:4-7

Altars:
Elyvilon
Hepliaklqana
Qazlal
The Shining One


Innate Abilities, Weirdness & Mutations

You are too large for most types of armour.
You have claws for hands.
Your metabolism is lightning-fast.
You like to eat raw meat.
Your natural rate of healing is unusually fast.
You are covered in fur. (AC +1)
You have very tough skin. (AC +2)


Message History

Prince Ribbit is lightly wounded.
Prince Ribbit hits you.
* * * LOW HITPOINT WARNING * * *
You claw Prince Ribbit!
Prince Ribbit is moderately wounded.
The centaur shoots an arrow.
The arrow hits you but does no damage. Prince Ribbit closely misses you.
The centaur shoots an arrow.
The arrow barely misses you.
You claw Prince Ribbit! Your claw misses Prince Ribbit.
Prince Ribbit is severely wounded.
Prince Ribbit hops awkwardly around.
Prince Ribbit hits you!
* * * LOW HITPOINT WARNING * * *
The centaur shoots an arrow.
The arrow hits you!
* * * LOW HITPOINT WARNING * * *
You claw Prince Ribbit!
You kill Prince Ribbit!
Prince Ribbit returns to his original shape as he dies.
The centaur shoots an arrow.
The arrow hits you!
You die...

.##....## #..#
.c......## #..#
.........####..#
......F.. .....#
.=....... #...#
#.......# #...####
#.......####......###
#......÷#@..........#
.#####.#)(...÷###.#.#
.......c(....###.#.#
###.###.......##.#<#
#. ##....#.##.#.# #
###..#.##.#.#
#.##.##.#.#
#..#.##.#.# ##.#.#
#.#


You could see a centaur.

Vanquished Creatures
  Prince Ribbit (D:5)
  An ogre (D:4)
  A centaur (D:5)
  A howler monkey (D:5)
  A bullfrog zombie (D:5)
  2 hounds
  2 orc priests (D:3)
  3 orc wizards
  A centaur skeleton (D:4)
  2 iguanas (D:4)
  2 worker ants
  2 adders
  An adder skeleton (D:4)
  A worm (D:4)
  2 dart slugs
  2 leopard geckos (D:1)
  15 orcs
  2 ball pythons
  5 bats
  5 giant cockroaches
  5 goblins
  3 hobgoblins
  7 jackals
  7 kobolds
  A quokka (D:4)
  A frilled lizard (D:1)
  A leopard gecko skeleton (D:4)
  7 rats
84 creatures vanquished.

Notes
Turn   | Place    | Note
-------+----------+-------------------------------------------
     0 | D:1      | Loge the Troll Monk began the quest for the Orb.
     0 | D:1      | Reached XP level 1. HP: 22/22 MP: 0/0
    97 | D:1      | Reached XP level 2. HP: 29/29 MP: 1/1
   808 | D:2      | Reached XP level 3. HP: 36/36 MP: 2/2
   950 | D:2      | Reached skill level 4 in Unarmed Combat
  1200 | D:3      | Found a hazy altar of Hepliaklqana.
  1289 | D:3      | Reached XP level 4. HP: 42/45 MP: 3/3
  1336 | D:3      | Found a white marble altar of Elyvilon.
  1626 | D:3      | Reached skill level 5 in Unarmed Combat
  1626 | D:3      | Reached XP level 5. HP: 53/53 MP: 4/4
  1708 | D:4      | Noticed an ogre
  1715 | D:4      | Killed an ogre
  1758 | D:4      | Reached XP level 6. HP: 60/62 MP: 5/5
  1819 | D:4      | Reached skill level 6 in Unarmed Combat
  2132 | D:4      | Found a glowing golden altar of the Shining One.
  2198 | D:4      | Found a stormy altar of Qazlal.
  2200 | D:4      | Noticed an air elemental
  2201 | D:4      | Noticed a water elemental
  2204 | D:4      | Noticed a fire elemental
  2233 | D:5      | Entered Level 5 of the Dungeon
  2257 | D:5      | Reached XP level 7. HP: 69/70 MP: 6/6
  2289 | D:5      | Reached skill level 7 in Unarmed Combat
  2300 | D:5      | Noticed Prince Ribbit
  2311 | D:5      | Killed Prince Ribbit
  2311 | D:5      | Shot with an arrow by a centaur

Skill      XL: |  1  2  3  4  5  6  7 |
---------------+----------------------+-----
Unarmed Combat | 4 5 6 7 |  7.8
Fighting       | 3 4 |  4.8
Dodging        | |  2.4
Stealth        | |  1.0

Action                   |  1- 3 |  4- 6 |  7- 9 || total
-------------------------+-------+-------+-------++-------
Melee: Unarmed           |    83 |   130 |    16 ||   229
       Punch             |     1 |     4 |     1 ||     6
 Stab: Sleeping          |     3 |       |       ||     3
  Eat: Chunk             |    17 |     9 |     1 ||    27
Armor: Robe              |    28 |    43 |     4 ||    75
Dodge: Dodged            |    38 |    54 |     9 ||   101
